 Dungeon Sprint DCSS version 0.29.1-2-gbd0b4ee654 (webtiles) character file.

Game seed: 10839632726294091975

2363 Groucho the Unseen (level 9, -3/50 HPs)
             Began as a Spriggan Enchanter on Nov 8, 2022.
             Was the Champion of Dithmenos.
             Succumbed to an emperor scorpion's poison
             ... in the Dungeon (Sprint VII: "The Pits").
             The game lasted 00:09:03 (2203 turns).

Groucho the Unseen (Spriggan Enchanter)             Turns: 2203, Time: 00:09:03

Health: -3/50      AC:  6    Str:  8    XL:     9   Next: 21%
Magic:  18/24      EV: 24    Int: 16    God:    Dithmenos [******]
Gold:   0          SH:  0    Dex: 16    Spells: 18/29 levels left

rFire   . . .      SeeInvis +   q - +2 rapier (distort)
rCold   . . .      Faith    .   (no shield)
rNeg    . . .      Spirit   .   n - +0 steam dragon scales
rPois   .          Reflect  .   (helmet restricted)
rElec   .          Harm     .   b - +0 cloak
rCorr   .          Rampage  .   (gloves unavailable)
Will    +....      NoTele   +   (boots unavailable) Stlth *+++++++++
                                (no amulet)
HPRegen 0.16/turn               (no ring)
MPRegen 0.19/turn               (no ring)

@: lethally poisoned (-3 -> -49), wreathed by umbra, very quick
A: very small, no large weapons, unfitting armour, see invisible, speed 3
a: Renounce Religion, Shadow Step, Shadow Form


You were in the Dungeon.
You worshipped Dithmenos.
Dithmenos was exalted by your worship.
You visited 1 branch

Inventory:

Hand Weapons
 a - a +2 dagger
 q - a +2 rapier of distortion (weapon)
Missiles
 j - 11 stones (quivered)
Armour
 b - a +0 cloak (worn)
 n - +0 steam dragon scales (worn)
Jewellery
 o - a +3 ring of dexterity
 p - a +3 ring of strength
Scrolls
 i - a scroll of blinking
 k - 5 scrolls of amnesia
 l - a scroll of summoning
 m - 2 scrolls of vulnerability
Potions
 c - 4 potions of invisibility
 d - 7 potions of curing
 e - 13 potions of heal wounds
 f - 2 potions of haste
 g - 4 potions of magic
 h - 4 potions of berserk rage


   Skills:
 + Level 7.1 Fighting
 + Level 9.4 Short Blades
 + Level 11.4 Dodging
 - Level 15.0 Stealth
 + Level 10.6 Spellcasting
 + Level 10.8 Hexes


You had 18 spell levels left.
You knew the following spells:

 Your Spells              Type           Power      Damage    Failure   Level
a - Ensorcelled Hibernat  Hex/Ice        50%        N/A       1%          2
b - Confusing Touch       Hex            43%        N/A       1%          3
c - Dazzling Flash        Conj/Hex       50%        N/A       2%          3
d - Tukima's Dance        Hex            43%        N/A       1%          3

Your spell library contained the following spells:

 Spells                   Type           Power      Damage    Failure   Level


Dungeon Overview and Level Annotations

Branches:
Dungeon (1/1)

Altars:
Ashenzari
Cheibriados
Dithmenos
Elyvilon
Fedhas
Gozag
Hepliaklqana
Kikubaaqudgha
Makhleb
Nemelex Xobeh
Okawaru
Qazlal
Ru
Sif Muna
Trog
Uskayaw
Vehumet
Wu Jian
Xom
Yredelemnul
Zin
The Shining One
Jiyva
Lugonu


Innate Abilities, Weirdness & Mutations

You are very small and have problems with some larger weapons.
You are too small for most types of armour.
You have supernaturally acute eyesight. (SInv)
You cover ground extremely quickly. (Speed+++)


Message History

The naga sharpshooter mumbles some strange words.
The naga sharpshooter magically shoots a bolt.
The bolt completely misses you.
The naga warrior roars a battlecry!
The nagas go into a battle-frenzy!
The hell hound breathes flames at you.
The blast of flame hits the hell hound.
The hell hound completely resists.
The hell hound barks!
The blast of flame hits you!
Unknown command.
You hit the hell hound.
Space warps around the hell hound.
The hell hound is moderately wounded.
The hell hound completely misses you.
There is an open door here.
There is an open gate here.
Casting: Ensorcelled Hibernation (safe; 1% risk of failure)
Confirm with . or Enter, or press ? or * to list all spells.
Your hands begin to glow red.
The hell hound misses you. The hell hound closely misses you.
You hit the hell hound but do no damage.
The hell hound appears confused.
The hell hound is lightly wounded.
You barely miss the hell hound.
The hell hound is lightly wounded.
The hell hound bites you!
You puncture the hell hound!
Space warps horribly around the hell hound!
The hell hound is severely wounded.
Your shadow hits the hell hound with a rapier.
The emperor scorpion stings you!!
* * * LOW HITPOINT WARNING * * *
You emit a cloud of dark smoke.
You are lethally poisoned!
The emperor scorpion poisons you!
The emperor scorpion completely misses you.
The emperor scorpion misses you. The hell hound completely misses you.
Unknown command.
* * * LOW HITPOINT WARNING * * *
You feel extremely sick.
You die...

))).##......#..#......#
###.##................+
.....)................+
'#####......#..#......#
.#..##................#
.').#####'#####÷'######
##'###.......##''#
÷)..##.......##..#
....##.......##.@#
'#####...<...##§.#### #+# ####
))[.##.......##.s#..#####.##D..#
))[.##.......##§h#....##...#.N.#
######.......##§.h.....#h..#ND.#
.#÷.###########..'....hh...'h".+
.#.############..'.....#N..#...#
.#)#....#...[##..#....##...#...#
.#'#....#..[[##..#..#####.##.h.#


You could see an emperor scorpion and a hell hound (confused).

Vanquished Creatures
  Erolcha (D)
  A wind drake (D)
  Grinder (D)
  A redback (D)
  A steam dragon (D)
  4 hell hounds (D)
  3 floating eyes (D)
  A sky beast (D)
  A wolf (D)
  A kobold brigand (D)
  2 iron imps (D)
  2 orc wizards (D)
  A gnoll (D)
  A river rat (D)
  An ufetubus (D)
  An adder skeleton (D)
  2 orcs (D)
  A bat (D)
  An endoplasm (D)
  A giant cockroach (D)
  2 hobgoblins (D)
  3 jackals (D)
  2 kobolds (D)
35 creatures vanquished.

Notes
Turn   | Place    | Note
-------+----------+-------------------------------------------
     0 | D        | Groucho the Spriggan Enchanter began the quest for the Orb.
     0 | D        | Reached XP level 1. HP: 9/9 MP: 5/5
    12 | D        | Reached skill level 5 in Stealth
    38 | D        | Found a bloodstained altar of Trog.
    38 | D        | Found a shimmering blue altar of Sif Muna.
    38 | D        | Found a viscous altar of Jiyva.
    38 | D        | Found a hazy altar of Hepliaklqana.
    38 | D        | Found an opulent altar of Gozag.
    39 | D        | Found a glowing golden altar of the Shining One.
    39 | D        | Found a glowing silver altar of Zin.
    39 | D        | Found a basalt altar of Yredelemnul.
    39 | D        | Found a shimmering altar of Xom.
    39 | D        | Found an ornate altar of the Wu Jian Council.
    39 | D        | Found a sacrificial altar of Ru.
    39 | D        | Found a stormy altar of Qazlal.
    39 | D        | Found an iron altar of Okawaru.
    39 | D        | Found a sparkling altar of Nemelex Xobeh.
    39 | D        | Found a burning altar of Makhleb.
    39 | D        | Found a blossoming altar of Fedhas.
    39 | D        | Found a white marble altar of Elyvilon.
    39 | D        | Found a shadowy altar of Dithmenos.
    39 | D        | Found a snail-covered altar of Cheibriados.
    41 | D        | Found a radiant altar of Vehumet.
    41 | D        | Found a corrupted altar of Lugonu.
    42 | D        | Found a hide-covered altar of Uskayaw.
    42 | D        | Found an ancient bone altar of Kikubaaqudgha.
    42 | D        | Found a broken altar of Ashenzari.
    53 | D        | Became a worshipper of Dithmenos the Shadowed
    86 | D        | Reached skill level 8 in Stealth
    86 | D        | Reached XP level 2. HP: 9/13 MP: 6/6
   287 | D        | Reached * piety under Dithmenos
   291 | D        | Noticed a floating eye
   305 | D        | Learned a level 2 spell: Ensorcelled Hibernation
   315 | D        | Killed a floating eye
   316 | D        | Reached skill level 14 in Stealth
   316 | D        | Reached XP level 3. HP: 13/16 MP: 5/8
   316 | D        | Reached XP level 4. HP: 17/21 MP: 5/9
   334 | D        | Reached ** piety under Dithmenos
   348 | D        | Reached skill level 15 in Stealth
   368 | D        | Noticed a floating eye
   373 | D        | Killed a floating eye
   373 | D        | Reached *** piety under Dithmenos
   374 | D        | Reached skill level 5 in Hexes
   374 | D        | Reached XP level 5. HP: 25/26 MP: 0/12
   703 | D        | Learned a level 3 spell: Confusing Touch
   935 | D        | Learned a level 3 spell: Dazzling Flash
   939 | D        | Learned a level 3 spell: Tukima's Dance
  1000 | D        | Reached skill level 5 in Dodging
  1316 | D        | Noticed Grinder
  1317 | D        | Reached **** piety under Dithmenos
  1318 | D        | Reached skill level 5 in Spellcasting
  1318 | D        | Reached XP level 6. HP: 32/32 MP: 13/15
  1320 | D        | Killed Grinder
  1321 | D        | Reached skill level 5 in Short Blades
  1321 | D        | Reached XP level 7. HP: 37/37 MP: 14/18
  1325 | D        | Reached ***** piety under Dithmenos
  1336 | D        | Noticed a wind drake
  1338 | D        | Killed a wind drake
  1339 | D        | Reached skill level 5 in Fighting
  1356 | D        | Noticed a redback
  1358 | D        | Noticed a steam dragon
  1361 | D        | Reached XP level 8. HP: 20/44 MP: 12/21
  1730 | D        | Noticed Erolcha
  1743 | D        | Reached skill level 10 in Dodging
  1749 | D        | Reached ****** piety under Dithmenos
  1755 | D        | Reached skill level 10 in Hexes
  1903 | D        | Killed Erolcha
  1904 | D        | Reached skill level 10 in Spellcasting
  1904 | D        | Reached XP level 9. HP: 43/50 MP: 16/24
  2177 | D        | Noticed a naga warrior
  2177 | D        | Noticed a naga sharpshooter
  2177 | D        | Noticed a salamander
  2178 | D        | Noticed an emperor scorpion
  2203 | D        | Succumbed to an emperor scorpion's poison

Illustrated notes

Levels and vault maps discovered:
D:        pitsprint [storerooms_1, entrance_room_1, metal_vault_1, armoury_2,
          mini_pit_1, grid_room_1, main_hall_1, silver_pit, the_coven_1,
          the_vestibule_1, steel_vault_3, golden_pit, hallway_of_sentries,
          crystal_vault_1, iron_vault_3, final_vault]

Skill      XL: |  1  2  3  4  5  6  7  8 |
---------------+-------------------------+-----
Stealth        | 8 14 15 | 15.0
Fighting       | 2 3 4 5 7 |  7.1
Short Blades   | 3 4 5 7 9 |  9.4
Dodging        | 4 5 7 9 11 | 11.4
Spellcasting   | 4 5 6 8 10 | 10.6
Hexes          | 5 6 7 8 10 | 10.8

Action                   |  1- 3 |  4- 6 |  7- 9 || total
-------------------------+-------+-------+-------++-------
Melee: Dagger            |    31 |    26 |    13 ||    70
       Rapier            |       |       |    15 ||    15
Throw: Stone             |       |     1 |       ||     1
 Cast: Ensorcelled Hiber |     1 |     5 |    18 ||    24
       Confusing Touch   |       |     2 |     2 ||     4
Invok: Shadow Step       |       |       |     1 ||     1
  Use: Potion            |       |       |     3 ||     3
 Stab: Sleeping          |     2 |     5 |    17 ||    24
       Confused          |       |     2 |     1 ||     3
       Distracted        |       |       |     1 ||     1
Armor: Robe              |     2 |       |       ||     2
       Steam dragon scal |       |       |     3 ||     3
Dodge: Dodged            |    18 |    24 |    47 ||    89
